 Dungeon Crawl Stone Soup version 0.18.1-48-g4cf74bf (webtiles) character file.

84 Gargoyl the Skirmisher (level 4, -4/37 HPs)
             Began as a Demonspawn Abyssal Knight on Sept 9, 2016.
             Was a Believer of Lugonu.
             Slain by a centaur (5 damage)
             ... on level 3 of the Dungeon.
             The game lasted 00:03:07 (1796 turns).

Gargoyl the Skirmisher (Demonspawn Abyssal Knight)  Turns: 1796, Time: 00:03:07

Health: -4/37      AC: 10    Str: 13    XL:     4   Next: 24%
Magic:  5/5        EV:  6    Int: 14    God:    Lugonu [**....]
Gold:   42         SH:  0    Dex: 12    Spells: 0 memorised, 3 levels left

rFire  . . .     SeeInvis .     a - +1 hand axe
rCold  . . .     Gourm    .     d - +0 chain mail
rNeg   . . .     Faith    .     (no shield)
rPois  .         Spirit   .     (no helmet)
rElec  .         Dismiss  .     e - +0 cloak
rCorr  .         Reflect  .     (no gloves)
SustAt .         Harm     .     (no boots)
MR     .....                    (no amulet)
Stlth  ..........               (no ring)
                                (no ring)

@: not resistant to hostile enchantments, extremely unstealthy
A: nightstalker 1
a: Depart the Abyss, Bend Space, Renounce Religion


You were on level 3 of the Dungeon.
You worshipped Lugonu.
Lugonu was pleased with you.
You were not hungry.

You visited 1 branch of the dungeon, and saw 3 of its levels.
You visited the Abyss 1 time.

You collected 42 gold pieces.

Inventory:

Hand Weapons
 a - a +1 hand axe (weapon)
Armour
 d - a +0 chain mail (worn)
 e - a +0 cloak (worn)
Jewellery
 f - an uncursed amulet of guardian spirit {unknown}
Scrolls
 j - a scroll of fog {unknown}
 k - a scroll of remove curse {unknown}
 l - 3 scrolls of immolation {unknown}
 m - a scroll of fear {unknown}
 n - 2 scrolls of identify {unknown}
Potions
 b - 2 potions of flight {unknown}
 g - 3 potions of lignification {unknown}
 h - 3 potions of haste {unknown}
Comestibles
 c - a bread ration
 i - a meat ration


   Skills:
 + Level 4.0 Fighting
 + Level 2.2 Axes
 * Level 2.6 Armour
 + Level 1.3 Dodging
 + Level 2.5 Invocations


You had 3 spell levels left.
You didn't know any spells.

Dungeon Overview and Level Annotations

Branches:
Dungeon (3/15)

Altars:
Kikubaaqudgha
Xom


Innate Abilities, Weirdness & Mutations

You are slightly more attuned to the shadows.


Message History

The centaur hits you.
Your chain mail prevents you from hitting the centaur.
The centaur is heavily wounded.
The centaur hits you but does no damage. x2
You barely miss the centaur.
The centaur is heavily wounded.
The centaur barely misses you. The centaur hits you.
You hit the centaur.
The centaur is severely wounded.
The centaur hits you but does no damage. x2
You hit the centaur but do no damage.
The centaur is severely wounded.
The centaur hits you!
* * * LOW HITPOINT WARNING * * *
You hit the centaur.
The centaur is almost dead.
The centaur hits you.
* * * LOW HITPOINT WARNING * * *
The centaur hits you.
You die...

#.#### #.##..
##.##.# ### .....#
... #.##.###.#
######<##(....#
#.......(().#
.......()##.......
#.###.@#.##.####.#
....>c...##.#
#.##...?....#
#.#####..# #. ++#
#. #


You could see a centaur.

Vanquished Creatures
  3 adders (D:2)
  A worm (D:2)
  A dart slug (D:1)
  2 giant geckos
  4 orcs (D:3)
  A giant cockroach (D:2)
  6 goblins
  6 hobgoblins
  6 jackals
  A quokka (D:2)
  A ball python (D:2)
  2 bats (D:2)
  A giant newt (D:2)
  4 kobolds
  5 rats
44 creatures vanquished.

Notes
Turn   | Place    | Note
--------------------------------------------------------------
     0 | Abyss:1  | Gargoyl the Demonspawn Abyssal Knight began the quest for the Orb.
     0 | Abyss:1  | Reached XP level 1. HP: 18/18 MP: 2/2
    61 | Abyss:1  | Noticed a large abomination
    64 | D:1      | Escaped the Abyss
   431 | D:1      | Reached * piety under Lugonu
   431 | D:1      | Gained mutation: You are slightly more attuned to the shadows. [demonic ancestry]
   431 | D:1      | Reached XP level 2. HP: 19/24 MP: 3/3
   802 | D:1      | You fall through a shaft!
   915 | D:2      | Reached skill level 1 in Dodging
   915 | D:2      | Reached XP level 3. HP: 19/30 MP: 4/4
  1142 | D:2      | Found a shimmering altar of Xom.
  1290 | D:2      | Found an ancient bone altar of Kikubaaqudgha.
  1360 | D:2      | Reached XP level 4. HP: 11/37 MP: 5/5
  1760 | D:3      | Reached ** piety under Lugonu
  1767 | D:3      | Reached skill level 4 in Fighting
  1779 | D:3      | Noticed a centaur
  1796 | D:3      | HP: 1/37 [centaur (6)]
  1796 | D:3      | Slain by a centaur

Skill      XL: |  1  2  3  4 |
---------------+-------------+-----
Armour         | 2 |  2.6
Axes           | 2 |  2.2
Dodging        | 1 |  1.3
Fighting       | 4 |  4.0
Invocations    | |  2.5

Action                   |  1- 3 |  4- 6 || total
-------------------------+-------+-------++-------
Melee: Hand axe          |   127 |    34 ||   161
Invok: Depart the Abyss  |     1 |       ||     1
  Eat: Chunk             |     2 |     1 ||     3
Armor: Chain mail        |   100 |    28 ||   128
       Leather armour    |     1 |       ||     1
Dodge: Dodged            |    47 |    10 ||    57
